 Dungeon Crawl Stone Soup version 0.29.1-1-gd02db6906a (webtiles) character file.

Game seed: 2305381711103664973

2202 Aibolit the Carver (level 9, -5/75 (79) HPs)
             Began as a Hill Orc Fighter on Oct 8, 2022.
             Was a Believer of Okawaru.
             Slain by a hornet (12 damage)
             ... on level 7 of the Dungeon.
             The game lasted 00:14:22 (7306 turns).

Aibolit the Carver (Hill Orc Fighter)               Turns: 7306, Time: 00:14:23

HP:   -5/75 (79)    AC: 28    Str: 26    XL:     9   Next: 34%
MP:   18/18         EV:  7    Int:  8    God:    Okawaru [**....]
Gold: 420           SH:  5    Dex: 10    Spells: 8/8 levels left

rFire   x . .      SeeInvis +   l - +11 long sword of Gluttony {protect, Fragile MP+9 Str+3}
rCold   + . .      Faith    .   c - +0 buckler
rNeg    . . .      Spirit   .   o - +1 plate armour
rPois   .          Reflect  .   q - +2 helmet
rElec   .          Harm     .   e - +2 cloak
rCorr   .          Rampage  .   w - +0 pair of gloves
Will    +....                   (no boots)
Stlth   ..........              (no amulet)
HPRegen 0.22/turn               A - ring of Mirth {+Blink Will+ SInv}
MPRegen 0.16/turn               C - ring of ice

@: mighty, lethally poisoned (-5 -> -10), under a protective aura, slowed,
drained, very slow
A: no striking features
a: Renounce Religion, Evoke Blink, Heroism


You were on level 7 of the Dungeon.
You worshipped Okawaru.
Okawaru was pleased with you.
You visited 2 branches of the dungeon, and saw 8 of its levels.

You collected 420 gold pieces.

Inventory:

Hand Weapons
 l - the +11 long sword of Gluttony (weapon) {protect, Fragile MP+9 Str+3}
   (You found it on level 2 of the Dungeon)

   It grants its wielder temporary protection when it strikes (+7 to AC).
   Str:       It affects your strength (+3).
   MP:        It affects your magic capacity (+9).
   Fragile:   It will be destroyed if unequipped.
Armour
 c - a +0 buckler (worn)
 e - a +2 cloak (worn)
 o - a +1 plate armour (worn)
 q - a +2 helmet (worn)
 w - a +0 pair of gloves (worn)
Jewellery
 A - the ring of Mirth (left hand) {+Blink Will+ SInv}
   (You found it on level 6 of the Dungeon)

   [ring of see invisible]

   SInv:      It lets you see invisible.
   +Blink:    It lets you blink.
   Will:      It increases your willpower.
 C - a ring of ice (right hand)
Scrolls
 b - 3 scrolls of fear
 f - a scroll of acquirement {unknown}
 g - a scroll of blinking {unknown}
 i - a scroll of teleportation
 r - 2 scrolls of amnesia {unknown}
 s - a scroll of noise {unknown}
 t - 2 scrolls of immolation
 v - a scroll of fog
 y - a scroll of magic mapping {unknown}
 B - a scroll of enchant weapon {unknown}
Potions
 a - 2 potions of ambrosia {unknown}
 d - 2 potions of might
 h - a potion of resistance {unknown}
 j - 2 potions of cancellation {unknown}
 k - 2 potions of berserk rage {unknown}
 m - a potion of mutation {unknown}
 n - 5 potions of attraction {unknown}
 p - 4 potions of flight {unknown}
 u - 2 potions of haste {unknown}
 x - 3 potions of curing {unknown}
 z - 3 potions of brilliance {unknown}


   Skills:
 + Level 7.4 Fighting
 * Level 8.1 Long Blades
 - Level 3.2 Axes
 + Level 6.8 Armour
 + Level 6.8 Shields


You had 8 spell levels left.
You didn't know any spells.
Your spell library contained the following spells:

 Spells                   Type           Power      Damage    Failure   Level
 Sting                    Tmut/Pois      0%         1d3       100%        1
 Poisonous Vapours        Pois/Air       0%         N/A       100%        2
 Static Discharge         Conj/Air       0%         3-3/arc   100%        2
 Dispel Undead            Necr           0%         3d6       100%        4
 Olgreb's Toxic Radiance  Pois           0%         N/A       100%        4
 Sticky Flame             Conj/Fire      0%         2d3       100%        4


Dungeon Overview and Level Annotations

Branches:
Dungeon (7/15)             Temple (1/1) D:4

Altars:
Cheibriados
Dithmenos
Gozag
Hepliaklqana
Makhleb
Nemelex Xobeh
Okawaru
Qazlal
Ru
Vehumet
Wu Jian
Xom
Yredelemnul
Zin
The Shining One

Shops:
D:4 *   D:6 *

Portals:
Ossuary: D:7


Message History

You feel very sick. The wight hits you but does no damage.
The wight barely misses you.
The hornet stings you but does no damage.
You block the wight's attack. The wight hits you but does no damage.
The hornet stings you but does no damage.
You slash the wight!
Your weapon exudes an aura of protection.
The wight is heavily damaged.
You feel yourself speed up.
You feel sick.
The hornet stings you but does no damage.
You block the wight's attack. The wight hits you but does no damage.
The hornet stings you but does no damage.
You slash the wight!
The wight is almost destroyed.
You feel sick. The hornet stings you!
You feel yourself slow down. The wight hits you but does no damage.
The wight hits you with a +3 hand axe.
* * * LOW HITPOINT WARNING * * *
The hornet stings you but does no damage.
The wight hits you but does no damage. x2
You feel very mighty all of a sudden.
You feel yourself speed up.
You feel sick. The hornet closely misses you.
The wight hits you with a +1 dagger.
* * * LOW HITPOINT WARNING * * *
You block the wight's attack.
The hornet stings you but does no damage.
You slash the hornet!
The hornet is moderately wounded.
You feel sick.
You are no longer poisoned.
The hornet stings you!
* * * LOW HITPOINT WARNING * * *
You are poisoned.
You feel yourself slow down.
The wight hits you but does no damage. x2
You barely miss the hornet.
The hornet is moderately wounded.
* * * LOW HITPOINT WARNING * * *
You feel very sick. The hornet stings you!
You die...

# ### .# # #<# .# ........#
######.#
........##########|.....###
.........y@................
.........zz......#.......##
.z......#.#####).........#
........#. ###............
........#.###............#.
.. #.#...##.#.......# .
###.#.....#.##...#
#.....∩....#.....
##..........#.....


You could see a hornet and 2 wights.

Vanquished Creatures
  The ghost of po7itron the Chopper, an amateur DsGl (D:4)
  5 yaks (D:6)
  Menkaure (D:4)
  An ice beast (D:6)
  A black bear (D:5)
  An ogre (D:6)
  2 centaurs
  A phantom (D:5)
  A necrophage (D:6)
  3 scorpions
  2 wights (D:7)
  3 jellies
  3 hounds
  6 adders
  A white imp (D:6)
  2 worms (D:4)
  5 dart slugs
  9 orcs
  6 endoplasms
  7 giant cockroaches
  5 goblins
  4 hobgoblins
  2 quokkas
  8 ball pythons
  3 frilled lizards
  8 kobolds
  6 rats
97 creatures vanquished.

Vanquished Creatures (others)
  A plant (D:2)
1 creature vanquished.

Grand Total: 98 creatures vanquished

Notes
Turn   | Place    | Note
-------+----------+-------------------------------------------
     0 | D:1      | Aibolit the Hill Orc Fighter began the quest for the Orb.
     0 | D:1      | Reached XP level 1. HP: 19/19 MP: 1/1
   537 | D:1      | Reached XP level 2. HP: 27/27 MP: 2/2
  1038 | D:2      | Found a radiant altar of Vehumet.
  1150 | D:2      | Identified the +0 robe of Koixanoov {rPois Will++ Dex-5
                  | SInv}
  1361 | D:2      | Identified the +11 long sword of Gluttony {protect, Fragile
                  | MP+9 Str+3}
  1487 | D:2      | Reached XP level 3. HP: 32/33 MP: 3/3
  1726 | D:3      | Reached skill level 1 in Long Blades
  1726 | D:3      | Reached XP level 4. HP: 36/40 MP: 4/4
  2028 | D:3      | Reached skill level 2 in Long Blades
  2495 | D:4      | Found an opulent altar of Gozag.
  2495 | D:4      | Found Gozag's Platinum Reserve.
  2533 | D:4      | Found a shadowy altar of Dithmenos.
  2641 | D:4      | Found a staircase to the Ecumenical Temple.
  2652 | Temple   | Entered the Ecumenical Temple
  2659 | Temple   | Became a worshipper of Warmaster Okawaru
  2703 | D:4      | Reached XP level 5. HP: 47/47 MP: 5/5
  2840 | D:4      | Found a runed translucent door.
  2840 | D:4      | Noticed po7itron's ghost (amateur DsGl)
  2898 | D:4      | Noticed Menkaure
  2936 | D:4      | Killed Menkaure
  2937 | D:4      | Reached skill level 3 in Long Blades
  2937 | D:4      | Reached XP level 6. HP: 5/55 MP: 6/6
  3379 | D:4      | Found a stormy altar of Qazlal.
  4418 | D:4      | Killed po7itron's ghost
  4419 | D:4      | Reached skill level 5 in Fighting
  4419 | D:4      | Reached skill level 4 in Long Blades
  4419 | D:4      | Reached XP level 7. HP: 61/61 MP: 7/7
  4591 | D:5      | Entered Level 5 of the Dungeon
  4630 | D:5      | Found a sparkling altar of Nemelex Xobeh.
  4759 | D:5      | Reached skill level 5 in Armour
  4759 | D:5      | Reached skill level 5 in Shields
  4761 | D:5      | Reached * piety under Okawaru
  4774 | D:4      | Reached skill level 5 in Long Blades
  5188 | D:5      | Reached XP level 8. HP: 70/70 MP: 8/8
  5472 | D:6      | Found Zin's Purification Station.
  5644 | D:6      | Found a glowing silver altar of Zin.
  5653 | D:6      | Reached skill level 6 in Long Blades
  5818 | D:6      | Found an ornate altar of the Wu Jian Council.
  5818 | D:6      | Noticed a yak
  5819 | D:6      | Noticed a yak
  5857 | D:6      | Killed a yak
  5861 | D:6      | Noticed a yak
  5861 | D:6      | Noticed a yak
  5862 | D:6      | Noticed a yak
  5868 | D:6      | Killed a yak
  5868 | D:6      | Reached ** piety under Okawaru
  5877 | D:6      | Killed a yak
  5878 | D:6      | Reached skill level 7 in Long Blades
  5881 | D:6      | Killed a yak
  5886 | D:6      | Killed a yak
  5887 | D:6      | Reached XP level 9. HP: 39/79 MP: 9/9
  6397 | D:6      | Identified the ring of Mirth {+Blink Will+ SInv}
  7251 | D:7      | Found a sand-covered staircase.
  7267 | D:7      | Reached skill level 8 in Long Blades
  7293 | D:7      | Noticed a hornet
  7298 | D:7      | Paralysed by a hornet for 2 turns
  7306 | D:7      | Slain by a hornet

Illustrated notes

Levels and vault maps discovered:
D:1:      sevenhm_arrival_forest_fort_small_3, layout_basic, nrook_loot_triangle
D:2:      layout_loops_ring, basic_altar, serial_bayou_lake_a
D:3:      layout_loops_ring, kennysheep_pointless_box
D:4:      layout_gridville, grunt_dithmenos_smoke_and_mirrors,
          grunt_qazlal_sundering, nicolae_gozag_zags_fifth_avenue,
          minmay_temple_entry_large_hall, hellmonk_ghost_happy_afterlife,
          supply_closet_lemuel, small_statue_intersection, minivault_5,
          uniq_menkaure
D:5:      layout_rooms, lemuel_tele_altar
D:6:      layout_basic, nicolae_wu_jian_wuxing_cycle, zin_purify,
          serial_co_window_serial, co_window_paths_b, co_window_corner_a,
          co_window_of_opportunity_a, co_window_paths_a, co_window_corner_a,
          co_window_of_opportunity_a, co_window_corner_a, co_window_2corner,
          co_window_unsneaky_path_a, co_window_2corner, glass_columns_b,
          glass_columns_a, glass_columns_a, glass_columns_a, glass_columns_c
D:7:      layout_basic, mainiacjoe_overflow_six_doors_small,
          nicolae_ossuary_entry_ruins, enter_bailey_3
Temple:   cyrus_circular_temple

Skill      XL: |  1  2  3  4  5  6  7  8  9 |
---------------+----------------------------+-----
Axes           | 3 |  3.2
Fighting       | 4 5 7 |  7.4
Long Blades    | 1 2 3 4 5 7 8 |  8.1
Shields        | 4 5 6 |  6.8
Armour         | 4 5 6 |  6.8

Action                   |  1- 3 |  4- 6 |  7- 9 || total
-------------------------+-------+-------+-------++-------
Melee: War axe           |    31 |       |       ||    31
       Hand axe          |    13 |       |       ||    13
       Long sword        |    13 |    95 |   127 ||   235
Invok: Heroism           |       |       |     3 ||     3
 Abil: Evoke Blink       |       |       |     2 ||     2
  Use: Potion            |       |     1 |     1 ||     2
       Scroll            |       |     7 |     1 ||     8
Armor: Scale mail        |    23 |     1 |       ||    24
       Plate armour      |       |    50 |   137 ||   187
Dodge: Dodged            |    29 |    33 |    42 ||   104
Block: Buckler           |     6 |    16 |    31 ||    53
